Map: Dusk Towers

Players

Rome

  • Race: Terran Terran
  • League: Gold
  • Spawn Location: 1:00

Fropez - Winner!

  • Race: Protoss Protoss
  • League: Silver
  • Spawn Location: 7:00

VOD

Have the link to the VOD?

Description

Time

  • Played on: May 18, 2016, 8:37 p.m.
  • Length: 16:08
Show
View Real Time Build Order
Export as new Build Order

Rome Terran 

Build Orders: MMM Bio 

Get SALT Encoding   

  12  0:01  SCV  
  13  0:18  SCV, Supply Depot  
  14  0:31  SCV  
  15  0:42  Barracks  
  15  0:43  SCV  
  15  0:47  Refinery  
  16  0:55  SCV  
  17  1:08  SCV  
  18  1:36  Command Center  
  18  1:43  Supply Depot  
  18  1:51  Barracks Reactor  
  18  1:53  SCV  
  19  1:55  Refinery  
  19  2:05  SCV  
  20  2:13  Factory  
  20  2:22  SCV  
  22  2:37  Reaper x2  
  22  2:39  SCV  
  24  2:47  Engineering Bay  
  24  2:51  SCV  
  24  2:57  Engineering Bay  
  25  3:19  Hellion  
  29  3:20  Hellion  
  29  3:22  Barracks Tech Lab  
  27  3:34  Orbital Command  
  27  3:35  SCV  
  28  3:44  Factory  
  28  4:09  Hellion x2  
  32  4:12  Stimpack  
  32  4:14  Terran Infantry Armor Level 1  
  32  4:17  SCV  
  32  4:20  SCV  
  34  4:30  SCV  
  35  4:32  SCV  
  35  4:38  Hellion x2  
  40  4:45  Terran Infantry Weapons Level 1  
  40  4:47  Factory Tech Lab  
  40  4:57  Orbital Command, SCV  
  39  5:24  Marine, Hellion x2  
  44  5:30  SCV x2  
  46  6:02  Starport  
  46  6:06  Supply Depot  
  46  6:10  Siege Tank, SCV x2  
  51  6:17  Supply Depot  
  51  6:19  Widow Mine  
  51  6:23  Marine  
  54  6:27  Widow Mine  
  54  6:49  SCV  
  55  6:54  Command Center, Armory  
  55  6:57  Starport  
  55  7:01  Starport Reactor  
  55  7:19  Siege Tank  
  55  7:21  Hellion x2  
  62  7:27  Missile Turret  
  62  7:30  Missile Turret  
  62  7:33  SCV  
  62  7:34  SCV, Missile Turret  
  64  7:38  Refinery  
  64  7:40  Refinery  
  64  7:41  Missile Turret  
  64  7:45  SCV  
  64  7:46  SCV  
  66  7:58  SCV  
  67  7:59  SCV  
  68  8:10  SCV  
  68  8:11  SCV  
  70  8:13  Terran Vehicle Weapons Level 1, Liberator  
  70  8:16  Starport Reactor  
  70  8:19  Marauder  
  72  8:21  Liberator  
  72  8:22  SCV  
  72  8:23  SCV  
  72  8:26  Hellbat x2  
  78  8:28  Siege Tank  
  84  8:35  Supply Depot  
  84  8:40  Marine  
  88  8:42  Supply Depot  
  88  8:44  Supply Depot  
  88  8:47  Planetary Fortress  
  88  8:58  Marine  
  88  8:59  Medivac x2  
  93  9:11  Refinery  
  93  9:15  Refinery  
  93  9:16  Marauder  
  95  9:21  Barracks  
  95  9:25  Barracks  
  95  9:30  Barracks  
  95  9:37  Siege Tank  
  95  9:38  Marauder  
  100  9:41  Hellion x2  
  100  9:42  SCV  
  100  9:43  SCV  
  100  9:45  SCV  
  107  9:50  Supply Depot  
  107  9:53  Supply Depot x2  
  107  9:54  SCV, Supply Depot  
  107  9:56  SCV, Terran Infantry Armor Level 2  
  107  9:57  SCV  
  110  10:09  SCV  
  110  10:12  Barracks Tech Lab x2  
  111  10:21  SCV  
  112  10:34  SCV  
  113  10:49  Barracks Tech Lab  
  113  10:54  Concussive Shells, Combat Shields  
  113  10:56  Marine x3  
  116  11:06  Terran Vehicle Weapons Level 2  
  116  11:08  Liberator x2, Terran Infantry Weapons Level 2  
  116  11:14  Marine x3  
  116  11:15  Supply Depot  
  116  11:16  Supply Depot  
  116  11:17  Supply Depot  
  119  11:23  Marauder  
  124  11:27  Medivac x2  
  124  11:30  Siege Tank  
  124  11:31  Marine, Widow Mine x2  
  139  11:34  Infernal Pre-Igniter  
  124  13:27  Marine  
  124  13:29  Widow Mine  
  120  13:45  Marine  
  109  13:52  Widow Mine  
  94  14:02  Marine  
  67  14:17  SCV  
  67  14:18  SCV  
  63  14:29  SCV  
  63  14:31  SCV  
  52  14:41  SCV  
  52  14:43  SCV  
  54  14:53  SCV  
  54  14:55  SCV  
  54  15:00  Command Center  
  54  15:02  Marine x3  
  54  15:04  Siege Tank  
  54  15:05  SCV, Factory Tech Lab  
  61  15:13  Starport Reactor  
  61  15:17  SCV  
  61  15:18  Starport  
  61  15:20  Marine x3  
  65  15:27  Refinery  
  65  15:29  SCV  
Show
View Real Time Build Order
Export as new Build Order

Fropez Protoss - Winner!

Build Orders: Double Forge 

Get SALT Encoding   

  12  0:01  Probe (Chrono Boost)  
  13  0:15  Pylon  
  13  0:17  Probe (Chrono Boost)  
  14  0:28  Probe (Chrono Boost)  
  15  0:35  Gateway  
  15  0:39  Probe (Chrono Boost)  
  16  0:45  Assimilator  
  16  0:49  Probe (Chrono Boost)  
  17  1:01  Probe (Chrono Boost)  
  18  1:05  Pylon  
  18  1:12  Probe (Chrono Boost)  
  18  1:17  Gateway  
  19  1:23  Probe (Chrono Boost)  
  20  1:37  Probe (Chrono Boost)  
  20  1:43  Cybernetics Core  
  20  1:47  Probe (Chrono Boost)  
  20  1:49  Assimilator  
  20  1:51  Zealot  
  23  1:58  Probe (Chrono Boost)  
  24  2:05  Pylon  
  24  2:08  Probe (Chrono Boost)  
  25  2:19  Probe (Chrono Boost)  
  26  2:26  Warp Gate (Chrono Boost)  
  26  2:28  Adept x2  
  30  2:34  Probe (Chrono Boost)  
  31  2:50  Probe  
  32  2:54  Pylon  
  32  3:01  Adept, Gateway  
  32  3:02  Probe  
  32  3:03  Adept  
  37  3:14  Probe  
  40  3:27  Mothership Core  
  40  4:04  Probe  
  41  4:16  Nexus, Probe  
  42  4:18  Assimilator  
  42  4:24  Assimilator  
  42  4:27  Pylon  
  42  4:30  Pylon  
  42  4:32  Pylon  
  42  4:48  Probe  
  43  4:52  Forge  
  43  4:53  Forge  
  43  5:00  Probe  
  44  5:13  Probe  
  41  5:25  Probe  
  41  5:26  Stalker x3  
  48  5:31  Protoss Ground Weapons Level 1 (Chrono Boost)  
  48  5:35  Protoss Ground Armor Level 1 (Chrono Boost)  
  48  5:40  Probe  
  47  5:51  Probe  
  47  5:52  Probe  
  49  6:15  Probe  
  49  6:16  Probe  
  49  6:18  Stalker x3  
  57  6:27  Twilight Council  
  57  6:31  Pylon  
  57  6:34  Photon Cannon  
  57  6:44  Photon Cannon  
  57  6:45  Probe  
  57  6:46  Probe  
  59  6:47  Photon Cannon  
  59  6:57  Probe  
  59  6:58  Probe, Protoss Ground Weapons Level 2 (Chrono Boost)  
  61  7:02  Protoss Ground Armor Level 2 (Chrono Boost)  
  61  7:05  Stalker x2  
  61  7:06  Stalker  
  67  7:19  Probe x2, Gateway  
  69  7:23  Gateway  
  69  7:24  Gateway  
  69  7:33  Blink (Chrono Boost)  
  69  7:34  Probe  
  69  7:35  Probe  
  71  7:38  Stalker x3  
  77  7:53  Pylon  
  77  7:54  Pylon  
  77  8:03  Probe  
  77  8:04  Probe  
  79  8:15  Probe  
  79  8:18  Nexus, Probe  
  81  8:22  Pylon  
  81  8:23  Assimilator  
  81  8:28  Probe, Assimilator  
  81  8:30  Probe  
  81  8:31  Pylon  
  81  8:33  Pylon  
  83  8:40  Probe  
  82  8:42  Probe  
  83  8:53  Protoss Ground Weapons Level 3  
  83  9:16  Protoss Ground Armor Level 3  
  83  9:28  Robotics Facility  
  83  9:31  Robotics Facility  
  83  9:33  Photon Cannon  
  83  9:34  Photon Cannon  
  83  9:39  Gateway  
  83  9:44  Probe, Photon Cannon, Gateway  
  83  9:45  Probe  
  85  9:56  Probe  
  85  9:57  Probe  
  83  10:08  Probe  
  83  10:09  Probe  
  85  10:18  Immortal  
  85  10:19  Immortal  
  85  10:20  Probe  
  95  10:21  Probe  
  95  10:52  Nexus  
  95  10:55  Probe, Assimilator  
  95  10:56  Probe  
  97  11:01  Assimilator, Stalker x2  
  97  11:02  Stalker x5  
  97  11:03  Pylon, Stalker  
  113  11:05  Pylon  
  113  11:09  Pylon, Immortal  
  117  11:13  Immortal  
  117  11:15  Protoss Shields Level 1  
  121  11:49  Stalker  
  121  11:51  Stalker x2  
  121  11:52  Stalker x5  
  137  12:14  Stalker  
  139  12:20  Immortal x2  
  147  12:36  Zealot  
  149  12:42  Pylon  
  149  12:43  Pylon  
  149  12:48  Pylon  
  149  12:51  Pylon  
  149  12:52  Protoss Shields Level 2  
  149  12:53  Pylon  
  147  13:03  Zealot x4  
  147  13:04  Zealot x4  
  159  13:45  Photon Cannon x2  
  159  13:48  Photon Cannon  
  149  14:13  Stalker x3  
  149  14:14  Stalker x5  
  153  14:17  Immortal  
  153  14:18  Immortal  
  137  14:49  Stalker x7  
  137  14:50  Stalker  
  153  15:17  Nexus  
  153  15:19  Assimilator  
  153  15:24  Assimilator  
  153  15:25  Templar Archives  
  153  15:36  Observer x2  
  155  15:48  Nexus  
  155  15:51  Assimilator  
  155  15:55  Assimilator  
  153  15:58  Pylon  
  153  15:59  Pylon  
  153  16:04  Pylon  
Tags
 
Composition
MMM Bio
Matchup
PvT
Replay Pack
All Mines
Spawn Locations
Cross Positions
Add a new tag
Caveats
  • Supply blocks, unpowered buildings, or Contaminate may cause inaccurate times.
  • Supply counts are checked every 10 seconds.